Sten, lawful male human Archeologist ------- |.....| |..<..| --- ---- ----------.- ----- ------ --.--.- |.+ |.. +....-..|*.| +...| |....| #### |.| |. |....| .|.(| |...| ##.....| #### |.----|-----....----|--+-----...| # |.>..| #### |...............................| ### |.^..| #### |..-+-----+--......-|----|---...| # ---.-- #### |..| |..| |.....{|...=|...|...| ### ## #### |..| |..| |......|....|%%!|...| # # -.--.------- |..----|-----......|.._.|%%%|...|### ## |..........| |.............{....|.%..|!%!|...|# |...........# |.------+--------..|----------..|# |..........| |.|!.!%| |(((.-..| |(((I-(.|# |..........| |.+.%!!| |(((.|..+ |(((.|..|# |...........###*####..|.[+!| |(((.|..| |(((.|..|# ------------ |.---------------..-----------..-# |...............................| --------------------------------- Sten the Digger Experience level: 1 Strength: 14 Dexterity: 9 Constitution: 10 Intelligence: 14 Wisdom: 17 Charisma: 8 Health: 0(13) Energy: 3(3) Def: 7 Gold: 54 Moves: 1588 Dungeon seed: xgIwNwLQWY7Q80Si Game ID: Sten_1522922094 Your Inventory: Weapons a - an uncursed +2 bullwhip (alternate weapon; not wielded) h - an uncursed +0 boomerang (in quiver) u - an uncursed +1 dagger Wands d - an uncursed wand of light (0:13) Potions k - a blessed potion of full healing o - an uncursed potion of levitation Scrolls D - an uncursed scroll of consecration Tools f - an uncursed sack g - an uncursed tin opener E - an uncursed tinning kit (0:48) Rings i - an uncursed ring of conflict F - an uncursed ring of polymorph control I - a blessed +2 ring of stealth Armor e - an uncursed +0 leather jacket (being worn) n - an uncursed +0 fedora (being worn) y - an uncursed +0 pair of low boots (being worn) z - a blessed +2 dwarvish cloak (being worn) Gems q - an uncursed touchstone Coins $ - 54 gold pieces Comestibles b - 5 uncursed food rations m - an uncursed lembas wafer Spells and supernatural/magical abilities: Name Level Category Fail Memory W - pray for help -- divine ? -- Your skills at the end: Miscellaneous Skills wands [Basic] Weapon Skills pick-axe [Basic] boomerang [Basic] whip [Basic] Spellcasting Skills Final Attributes: You were fervently aligned. Your writing hand was cramped from overuse. You were very stealthy. You were protected. You were fast. You were lucky. You are dead. Vanquished creatures: 4 gnome lords 3 gnomish wizards a kitten a dwarf an orc zombie 2 geckos 3 cave spiders a red mold 15 gnomes 2 manes 3 gnome zombies 3 jackals 6 newts 2 goblins a sewer rat 5 grid bugs a kobold zombie 54 creatures vanquished. Voluntary challenges: You were not invisible. You did not have reflection. You were not displaced. You used a wielded weapon 7 times, starting on turn 149. You did not apply a unicorn horn. You did not use plumbed fixtures. You did not drink any magical draughts. You read items or engraved 4 times, starting on turn 660. You never genocided any monsters. You never polymorphed an object. You never changed form. You used no wishes. You never split a pudding. You wrote Elbereth's name 4 times, starting on turn 660. You never violated your personal moral code. Dungeon overview: The Dungeons of Doom: levels 1 to 4 Level 1 a fountain, a sink a long staircase Level 2 a fountain Level 3 stairs to The Gnomish Mines Level 4 The Gnomish Mines: levels 4 to 7 Level 4 stairs to The Dungeons of Doom Level 5 Level 6 <- You were here many shops, a temple to Quetzalcoatl, a magic chest, some fountains Level 7 History has recorded: On T:1 you entered the Dungeons of Doom to retrieve the Amulet of Yendor! On T:153 you reached level 2 of The Dungeons of Doom. On T:220 you reached level 3 of The Dungeons of Doom. On T:414 you reached level 1 of The Gnomish Mines. On T:553 you reached level 4 of The Dungeons of Doom. On T:958 you reached level 2 of The Gnomish Mines. On T:1170 you reached level 3 of The Gnomish Mines. On T:1401 you entered the Minetown temple On T:1501 you opened a magic chest. On T:1552 you reached level 4 of The Gnomish Mines. Score breakdown: Gold: 54 ( 5 points) Experience: 1 level ( 0 points) Exploration: 7 levels ( 180 points) Discoveries: 20 items ( 1000 points) Variety of kills: 17 monsters ( 850 points) Major goal: reached Minetown ( 500 points) Survival: died (score multiplied by 3) Total score: 7605 Latest messages: You drop an uncursed +0 pick-axe. "Hello, Sten! Welcome to Parbalingga's delicatessen!" You see here an uncursed +0 pick-axe. c - an uncursed +0 pick-axe. You are beginning to feel hungry. You stop running. That food really hit the spot! You finish eating the food ration. You hear Dirk cursing shoplifters. You are now wielding your pick-axe. Tigger suddenly falls asleep! The door resists! (2x) The door opens. You drop an uncursed +0 pick-axe. "Hello, Sten! Welcome to Lapu's hardware store!" Something bites! You are put to sleep! Something bites! Something just misses! Something bites! (4x) You die... Lapu gratefully inherits all your possessions. The sack is empty. The sack is empty. Final status: Goodbye Sten the Archeologist, killed by an invisible homunculus, while sleeping... You died in The Gnomish Mines on dungeon level 6 with 7605 points, and 54 pieces of gold, after 1588 moves. You were level 1 with a maximum of 13 hit points when you died.